Map: Galactic Process LE

Players

tiromancy - Winner!

  • Race: Terran Terran
  • Spawn Location: 1:00

Fropez

  • Race: Protoss Protoss
  • League: Gold
  • Spawn Location: 7:00

VOD

Have the link to the VOD?

Description

Time

  • Played on: Sept. 20, 2016, 11:23 a.m.
  • Length: 25:53
Show
View Real Time Build Order
Export as new Build Order

tiromancy Terran - Winner!

Build Orders: Reaper Expand, MMM Bio 

Get SALT Encoding   

  12  0:01  SCV  
  13  0:17  Supply Depot  
  13  0:19  SCV  
  14  0:31  SCV  
  14  0:34  Refinery  
  16  0:50  SCV, Barracks  
  16  1:03  SCV  
  17  1:15  SCV  
  18  1:35  Command Center  
  18  1:39  Reaper  
  19  1:50  Orbital Command  
  19  2:11  Barracks Reactor  
  19  2:35  Factory  
  19  2:37  Supply Depot  
  19  2:46  SCV  
  20  2:55  Orbital Command  
  20  2:58  SCV  
  21  3:05  Engineering Bay  
  21  3:07  Marine x2  
  23  3:24  Marine  
  23  3:26  Widow Mine  
  25  3:45  Marine x2  
  27  3:48  Refinery  
  27  3:53  SCV x2  
  27  3:54  Widow Mine  
  27  3:55  Refinery  
  31  3:58  Missile Turret  
  31  4:03  Refinery  
  31  4:07  SCV x2, Missile Turret  
  31  4:08  Marine  
  31  4:09  Marine  
  35  4:20  Starport  
  35  4:25  Barracks  
  35  4:46  Marine  
  35  4:47  Marine, Widow Mine  
  35  4:49  SCV  
  40  4:56  Command Center  
  40  5:00  Starport Reactor  
  40  5:06  SCV  
  40  5:07  SCV  
  42  5:15  Marine x2, Supply Depot  
  42  5:16  Barracks Tech Lab  
  42  5:18  Factory Tech Lab  
  44  5:29  SCV  
  44  5:30  SCV  
  46  5:37  Marine x2  
  46  5:39  Supply Depot  
  48  5:49  Marine  
  49  5:50  Medivac  
  49  5:51  Medivac  
  49  5:54  Marine  
  54  6:00  Siege Tank  
  57  6:07  Marine x2  
  57  6:09  Liberator x2  
  59  6:17  Stimpack  
  59  6:25  Marine  
  60  6:27  SCV  
  60  6:28  SCV, Orbital Command  
  68  6:36  Supply Depot  
  68  6:42  Siege Tank  
  68  6:44  Marine  
  68  6:45  Marine  
  73  6:57  SCV x2  
  73  6:58  SCV  
  76  7:09  Terran Infantry Weapons Level 1  
  76  7:12  Barracks  
  76  7:14  SCV x3  
  76  7:15  Engineering Bay  
  79  7:22  Marine x2  
  79  7:23  Marine  
  79  7:24  Siege Tank  
  85  7:32  Supply Depot  
  85  7:35  Supply Depot  
  85  7:54  SCV x3, Medivac  
  90  7:59  Barracks  
  90  8:06  SCV  
  90  8:10  Marine x3  
  90  8:12  Siege Tank  
  97  8:17  Terran Infantry Armor Level 1  
  91  8:35  Marine x3  
  94  8:43  Marine  
  94  8:44  Medivac  
  94  8:45  Medivac  
  94  8:48  Barracks Tech Lab  
  99  8:53  Marine x2  
  101  9:23  Supply Depot x2  
  101  9:25  Supply Depot  
  101  9:27  Marine  
  101  9:30  Supply Depot  
  101  9:31  Marine  
  101  9:34  Marine  
  101  9:37  Marine  
  101  9:45  Siege Tank, SCV x3  
  107  9:57  SCV x2  
  109  10:04  Medivac x2  
  109  10:06  Marauder, Barracks Tech Lab  
  109  10:07  Marauder  
  117  10:15  Combat Shields  
  117  10:16  Armory  
  117  10:19  SCV x3  
  120  10:25  Refinery  
  120  10:28  Marauder x2  
  124  10:29  Refinery  
  124  10:31  SCV  
  125  10:39  Marine x3  
  125  10:41  Medivac x2  
  132  10:50  Supply Depot  
  132  10:52  Supply Depot  
  132  10:53  Supply Depot  
  132  10:57  Barracks  
  132  11:00  Barracks  
  132  11:07  SCV  
  133  11:12  SCV x2, Marauder x3  
  133  11:13  Siege Tank  
  139  11:33  Marine x4, Marauder  
  141  11:51  Marine  
  141  11:52  SCV  
  141  11:53  SCV x2  
  145  12:05  SCV x3  
  141  12:39  Marine x4  
  141  12:40  Marauder  
  141  12:43  Terran Infantry Armor Level 2, Terran Infantry Weapons Level 2  
  147  12:58  Marauder x2  
  140  13:14  Marine x3  
  140  13:15  Siege Tank  
  140  13:18  Marine, Barracks Tech Lab  
  140  13:19  Barracks Tech Lab  
  147  13:22  Marine  
  138  13:32  Marine  
  138  13:48  Siege Tank, Marine x3  
  141  13:49  Marine, Marauder  
  141  13:50  Marauder  
  142  14:13  Command Center  
  142  14:17  Refinery  
  142  14:18  Missile Turret x2  
  142  14:21  Refinery  
  137  14:46  Marine  
  137  14:47  Marine x4  
  137  14:48  Siege Tank, Marauder x2  
  137  14:50  Medivac x2  
  151  15:05  Marauder  
  153  15:20  Siege Tank  
  156  15:32  SCV x3  
  159  15:36  Planetary Fortress  
  159  15:44  SCV x2  
  161  15:53  Command Center  
  161  16:06  Missile Turret  
  153  16:25  Marine x3  
  155  16:26  Marauder x4  
  164  16:39  SCV x3  
  167  16:51  SCV  
  165  17:04  Medivac  
  165  17:05  Medivac  
  165  17:06  Marine x2, Marauder  
  165  17:07  Marauder x2  
  177  17:08  Terran Infantry Weapons Level 3, Terran Infantry Armor Level 3  
  161  17:34  Medivac  
  162  17:46  SCV  
  163  18:04  SCV  
  163  18:05  SCV x2  
  166  18:07  Command Center  
  166  18:16  SCV  
  166  18:17  SCV x2  
  169  18:23  Marine x2  
  171  18:29  SCV  
  171  19:25  Missile Turret  
  171  19:32  SCV  
  171  19:33  Refinery  
  172  19:51  Missile Turret  
  172  19:52  SCV, Supply Depot  
  166  20:04  SCV  
  160  20:29  Command Center  
  160  20:33  Refinery x2  
  160  20:41  SCV x3, Missile Turret  
  163  20:53  SCV  
  163  20:56  Missile Turret  
  164  21:01  Missile Turret  
  164  21:34  Marine  
  164  21:35  Marine x3  
  164  21:36  Marauder x3  
  149  22:38  SCV x3  
  149  22:42  Orbital Command  
  152  22:46  SCV  
  152  22:50  SCV x3  
  155  22:55  Marine x4  
  155  22:56  Marauder x3  
  155  22:58  Siege Tank, SCV  
  168  23:19  SCV x3  
  172  23:20  SCV  
  172  23:28  Refinery  
  172  23:30  Siege Tank  
  172  23:31  SCV x2  
  177  23:36  SCV x2  
  177  23:43  SCV  
  171  24:04  Marine  
  171  24:05  Marine, Reaper  
  171  24:16  SCV  
  167  24:48  SCV x4  
  155  25:00  Marine x4, SCV x2  
  155  25:01  Marauder x3  
  152  25:19  Marauder  
Show
View Real Time Build Order
Export as new Build Order

Fropez Protoss 

Build Orders:  

Get SALT Encoding   

  12  0:01  Probe (Chrono Boost)  
  13  0:12  Probe (Chrono Boost)  
  14  0:18  Pylon  
  14  0:22  Probe (Chrono Boost)  
  15  0:32  Pylon  
  15  0:36  Probe (Chrono Boost)  
  16  0:46  Probe (Chrono Boost)  
  17  0:50  Gateway  
  18  0:57  Probe (Chrono Boost)  
  18  1:00  Assimilator  
  18  1:07  Probe (Chrono Boost)  
  19  1:15  Forge  
  19  1:18  Probe (Chrono Boost)  
  20  1:28  Probe (Chrono Boost)  
  21  1:33  Pylon  
  21  1:37  Assimilator  
  21  1:39  Probe (Chrono Boost)  
  22  1:46  Cybernetics Core  
  22  1:51  Probe (Chrono Boost), Assimilator  
  23  2:03  Photon Cannon  
  23  2:06  Protoss Ground Weapons Level 1 (Chrono Boost)  
  23  2:14  Probe  
  23  2:23  Warp Gate (Chrono Boost)  
  23  2:26  Stalker  
  26  2:34  Pylon  
  25  2:45  Mothership Core  
  27  2:54  Gateway  
  27  3:01  Gateway  
  27  3:06  Probe, Stalker  
  30  3:18  Probe  
  31  3:30  Probe  
  32  3:48  Probe  
  33  3:51  Stalker  
  35  3:58  Stalker  
  35  3:59  Stalker  
  35  4:00  Probe  
  40  4:03  Protoss Ground Armor Level 1 (Chrono Boost)  
  40  4:18  Twilight Council  
  40  4:21  Pylon  
  40  4:22  Probe  
  41  4:40  Probe  
  41  4:44  Stalker x3  
  48  4:52  Probe  
  49  4:58  Nexus  
  49  5:04  Probe  
  50  5:13  Pylon  
  50  5:16  Probe, Blink (Chrono Boost)  
  50  5:28  Probe  
  51  5:32  Pylon  
  51  5:40  Probe  
  52  5:45  Pylon  
  52  5:52  Probe  
  52  5:54  Assimilator, Zealot  
  52  5:56  Assimilator  
  55  6:04  Probe  
  55  6:08  Zealot  
  55  6:09  Probe, Protoss Ground Weapons Level 2 (Chrono Boost)  
  59  6:16  Probe  
  60  6:20  Probe  
  61  6:28  Probe, Stalker x2  
  61  6:32  Probe  
  66  6:36  Stalker  
  67  6:41  Probe  
  68  6:56  Pylon, Photon Cannon  
  68  7:00  Photon Cannon  
  68  7:05  Probe  
  68  7:06  Resonating Glaives (Chrono Boost), Probe  
  70  7:12  Photon Cannon  
  70  7:13  Adept  
  70  7:14  Adept  
  74  7:17  Adept, Probe  
  77  7:27  Probe  
  78  7:34  Robotics Facility  
  78  7:35  Probe  
  79  7:39  Probe  
  80  8:08  Nexus  
  78  8:14  Adept  
  78  8:15  Adept x2  
  68  8:43  Adept x3  
  74  8:50  Probe  
  74  8:51  Probe  
  74  8:53  Warp Prism  
  78  8:58  Pylon  
  78  9:00  Pylon  
  76  9:47  Adept x3  
  76  9:51  Assimilator  
  80  9:56  Assimilator  
  80  10:00  Photon Cannon  
  80  10:04  Pylon, Probe  
  82  10:09  Mothership Core  
  82  10:10  Photon Cannon  
  82  10:11  Pylon  
  83  10:16  Probe  
  83  10:20  Pylon, Protoss Ground Weapons Level 3  
  84  10:21  Adept  
  84  10:22  Adept x2  
  90  10:28  Pylon  
  90  10:34  Dark Shrine  
  90  10:36  Immortal (Chrono Boost)  
  90  10:42  Probe  
  95  10:43  Charge  
  95  10:47  Gateway  
  95  10:48  Probe, Gateway  
  96  10:54  Probe  
  97  11:12  Adept x3  
  96  11:52  Dark Templar x3  
  102  11:55  Dark Templar x2  
  106  12:02  Probe  
  95  12:33  Archon  
  89  12:47  Adept x5  
  89  13:13  Dark Templar x4  
  89  13:14  Dark Templar  
  99  14:02  Protoss Ground Armor Level 2  
  89  14:13  Stalker x5  
  103  14:17  Immortal (Chrono Boost)  
  103  14:26  Gateway  
  103  14:27  Gateway  
  103  14:30  Gateway x2  
  103  14:33  Gateway  
  103  14:40  Pylon  
  97  15:10  Stalker x2  
  97  15:11  Stalker x3  
  107  15:26  Probe  
  112  15:29  Immortal (Chrono Boost)  
  112  15:37  Pylon  
  112  15:38  Pylon, Stalker x2  
  112  15:39  Pylon, Stalker x4  
  124  16:08  Dark Templar x3  
  114  16:34  Adept  
  114  16:35  Adept x6  
  126  17:10  Nexus  
  126  17:13  Assimilator  
  126  17:16  Assimilator  
  98  18:54  Dark Templar  
  98  19:22  Nexus  
  98  19:24  Assimilator  
  98  19:26  Assimilator  
  98  19:28  Probe x2  
  100  19:40  Adept x3  
  100  19:41  Adept x4  
  114  19:59  Nexus  
  102  20:20  Adept  
  102  20:21  Adept x6  
  80  21:53  Nexus  
  66  22:32  Adept x2  
  66  22:33  Adept x7  
  66  22:34  Adept  
  76  22:53  Nexus  
  76  23:01  Assimilator  
  76  23:04  Assimilator  
  64  23:17  Adept x7  
  64  23:18  Adept x3  
  68  23:54  Dark Templar x5  
  68  23:55  Dark Templar  
  60  24:28  Dark Templar x2  
  60  24:29  Dark Templar  
  52  25:16  Probe  
  47  25:49  Pylon  
Tags
 
Composition
MMM Bio
League
Gold
Matchup
PvT
Replay Pack
All Mines
Spawn Locations
Cross Positions
Add a new tag
Caveats
  • Supply blocks, unpowered buildings, or Contaminate may cause inaccurate times.
  • Supply counts are checked every 10 seconds.